[Event "MČR 2022 rapid"]
[Site "Turnov, Czech Republic"]
[Date "2022.09.11"]
[Round "4.4"]
[White "Klement, Lukáš"]
[Black "Priehoda, Vítězslav"]
[Result "0-1"]
[TimeControl "2x 15 min + 5s/move"]
[WhiteElo "2264"]
[BlackElo "2292"]

1. d4 c5 2. dxc5 e6 3. c4 Nf6 4. Nf3 Bxc5 5. e3 O-O 6. Be2 d5 7. O-O dxc4 8. Bxc4 a6 9. a3 b5 10. Be2 Bb7 11. b4 Be7 12. Bb2 Nbd7 13. Nbd2 Nb6 14. Rc1 Na4 15. Ba1 Rc8 16. Nb3 Ne4 17.
Qxd8 Rfxd8 18. Rxc8 Rxc8 19.
Rc1 Rxc1+ 20. Nxc1 f6 21.
Nd4 Kf7 22. Bd3 g6 23. Nce2 e5 24. Nc2 Nd2 25. Nc3 Nxc3 26. Bxc3 Ne4 27. Be1 Bd5 28. Kf1 Nd6 29. f3 e4 30. fxe4 Nxe4 31. Nd4 Bd6 32. g3 Be5 33. Ke2 h5 34. Bc2 Ke7 35. a4 bxa4 36. Bxa4 Bc4+ 37. Kf3 Bd5 38. Ke2 Bc4+ 39. Kf3 Ng5+ 40. Kf2 Kd6 41. Bc2 f5 42. Bc3 Ne4+ 43. Bxe4 fxe4 44. Bd2 Kd5 45. Bc3 Bd3 46. Ke1 h4 47. Kf2 hxg3+ 48. hxg3 Kc4 49. Bd2 Bd6 50. Nc6 Bc2 51. g4 Ba4 52. Na5+ Kb5 53. Nb7 Bxb4 54. Bxb4 Kxb4 55. Nd6 Bc2 56. Ke1 a5 57. Kd2 Bd3 58. Kc1 a4 59. Kb2 a3+ 60. Ka2 Bc4+ 61. Ka1 Bd5 62. Ne8 Kc3 63.
Nf6 Bc6 64. g5 Kd3 65. Ng4 Be8 66. Ka2 Ke2 67. Nf6 Bf7+ 68. Kxa3 Kxe3 69. Kb2 Kf4 70.
Kc3 Kxg5 71. Nxe4+ Kf4 72. Kd4 Be6 73. Nf6 g5 74. Nh5 Kg4 75. Nf6 Kf5 76. Nh5 Bf7 77. Ng3+ Kf4 78. Ne4 g4 79. Nf2 g3 80. Nh3 Kg4 81.
Ng1 Kf4 82. Kd3 Bh5 83. Kd2 Bg4 84. Kd3 g2 85. Kd2 Kg3 86. Ke3 Bh5 87. Nh3 Kxh3 88. Kf2 Kh2 0-1

[Event "MČR 2022 rapid"]
[Site "Turnov, Czech Republic"]
[Date "2022.09.11"]
[Round "4.5"]
[White "Polák, Tomáš"]
[Black "Vykouk, Jan"]
[Result "1/2-1/2"]
[TimeControl "2x 15 min + 5s/move"]
[WhiteElo "2487"]
[BlackElo "2417"]

1. Nf3 Nf6 2. c4 g6 3.
Nc3 Bg7 4. e4 d6 5. d4 O-O 6. Be2 Nbd7 7. O-O e5 8. Be3 Qe7 9.
dxe5 dxe5 10. Qc2 c6 11. Rad1 Re8 12. a3 Nh5 13. b4 Nf4 14. c5 Nxe2+ 15. Qxe2 b6 16. Rd6 bxc5 17. bxc5 Nb8 18. Rfd1 f6 19. h3 Bf8 20.
Qc2 Be6 21. Rb1 Qc7 22. Rdd1 Nd7 23. Na4 Rab8 24. Nd2 Rxb1 25. Rxb1 Rb8 26. Rd1 Qa5 27. g4 g5 28. Kg2 Qa6 29. Kf3 Be7 30. Nc4 Bf8 31. Rc1 Bxc4 32. Qxc4+ Qxc4 33. Rxc4 Rb3 34. Rb4 Rxa3 35. Ke2 a5 36. Rb7 Rxa4 37. Rxd7 Rxe4 38. Rc7 Ra4 39. Rxc6 Kf7 40. Rc7+ Ke6 41. Rxh7 e4 42. Ra7 Ra2+ 43.
Kd1 Kd5 44. Rd7+ Ke6 45. Ra7 Kd5 46.
Rd7+ Ke6 47. Ra7 Ke5 1/2-1/2

[Event "MČR 2022 rapid"]
[Site "Turnov, Czech Republic"]
[Date "2022.09.11"]
[Round "4.6"]
[White "Kraus, Tomáš"]
[Black "Němec, Jáchym"]
[Result "1/2-1/2"]
[TimeControl "2x 15 min + 5s/move"]
[WhiteElo "2395"]
[BlackElo "2057"]

1. d4 d5 2. c4 c6 3. Nc3 Nf6 4. e3 Bf5 5. Nf3 e6 6. Be2 Nbd7 7. Nh4 Be4 8.
f3 Bg6 9. Nxg6 hxg6 10. f4 Bb4 11. O-O Qe7 12. Qb3 a5 13.
Bd2 O-O 14. Bd3 Rfb8 15. Qc2 Nb6 16. c5 Nbd7 17. Na4 Bxd2 18. Qxd2 b5 19. cxb6 Nxb6 20. Nxb6 Rxb6 21. Rac1 a4 22. Rc2 Rab8 23. Rf2 Qb7 24. Qc1 Ne8 25. h3 Nd6 26. Kh2 Ne8 27. Qd2 Nf6 28. Qa5 Ra8 29. Qc3 Nd7 30. Qa3 Nf6 31. Kg1 Ne8 32. Rfe2 f5 33. h4 Kf7 34. g3 Qe7 35.
Qxe7+ Kxe7 36. Kf1 Kd7 37. Ke1 Nf6 38. Kd1 Kd6 39. Kc1 Nd7 40. Rc3 c5 41. dxc5+ Nxc5 42. Rec2 Ra5 43. Kd2 Rb4 44. Ra3 Rb8 45. Rac3 Rb6 46. Ke2 Nxd3 47. Rxd3 Rab5 48. Rdd2 Rb4 49. Kd1 e5 50. Kc1 e4 51. Rc8 Rc6+ 52. Rxc6+ Kxc6 53. Rc2+ Kd7 54. Rc5 Kd6 55. Rc8 d4 56. Rd8+ Kc5 57. Rc8+ Kd5 58. Rd8+ Kc5 59. Rc8+ Kd5 60. Rd8+ 1/2-1/2

[Event "MČR 2022 rapid"]
[Site "Turnov, Czech Republic"]
[Date "2022.09.11"]
[Round "4.7"]
[White "Roubalík, Jakub"]
[Black "Finěk, Václav"]
[Result "1/2-1/2"]
[TimeControl "2x 15 min + 5s/move"]
[WhiteElo "2339"]
[BlackElo "2062"]

1. d4 Nf6 2. c4 e6 3. Nf3 d5 4. Nc3 c6 5. Bg5 Nbd7 6. e3 Bd6 7. Qc2 O-O 8. Bd3 h6 9. Bh4 dxc4 10. Bxc4 b5 11. Bd3 Bb7 12. O-O Qb6 13. a4 a6 14. Qe2 b4 15. a5 Qa7 16.
Na4 c5 17. dxc5 Nxc5 18. Nxc5 Qxc5 19. Bg3 Bxg3 20. hxg3 Qh5 21. e4 Rfd8 22. Rfc1 Rd7 23.
Ra4 Rad8 24. Rxb4 Ng4 25. Rb3 Qxa5 26. Ra3 Qh5 27. Rac3 Ne5 28. Nxe5 Qxe5 29. Qe3 Qd4 30. Qxd4 Rxd4 31. Be2 Rxe4 32. Bf3 Rb4 33. Bxb7 Rxb7 34. Rc8 Rxc8 35. Rxc8+ Kh7 36. Rc6 Rxb2 37. Rxa6 Rb1+ 38. Kh2 h5 39. Ra4 Kg6 40. Ra5 f6 41. f3 e5 42. Ra4 Kf5 43. g4+ hxg4 44. Rxg4 g5 45. Kg3 Rd1 46. Ra4 Ke6 47.
Ra6+ Kf7 48. Kf2 Kg6 49. Rb6 Rd4 50. g4 Rf4 51. Kg3 e4 52. fxe4 Rxe4 53. Ra6 Re3+ 54. Kf2 Rb3 55. Kg2 Kf7 56. Kf2 Ke7 57. Kg2 Rd3 58. Kf2 Rd6 59. Ra8 Rb6 60. Kf3 Rb3+ 61. Kf2 Kd6 62. Ra5 Ke6 63. Kg2 Rd3 64.
Kf2 Rd5 65. Ra6+ Ke5 66. Kg2 Rd6 67. Ra5+ Kf4 68. Ra4+ Ke5 69. Ra5+ Rd5 70. Ra6 Rd6 71. Ra5+ Ke4 72. Ra4+ Rd4 73. Ra6 Ke5 74. Kf3 Rd3+ 75.
Kg2 Rd5 76. Kf3 f5 77. gxf5 Kxf5 78. Ra4 Rb5 79. Kg3 Rb3+ 80. Kg2 Kg6 81.
Rc4 Kh5 82. Ra4 g4 83. Ra8 Rb2+ 84. Kg3 Rb3+ 85. Kg2 Rb2+ 86. Kg3 1/2-1/2

[Event "MČR 2022 rapid"]
[Site "Turnov, Czech Republic"]
[Date "2022.09.11"]
[Round "4.8"]
[White "Šimáček, Pavel"]
[Black "Pisk, Petr"]
[Result "1/2-1/2"]
[TimeControl "2x 15 min + 5s/move"]
[WhiteElo "2398"]
[BlackElo "2389"]

1. d4 Nf6 2. c4 e6 3. Nc3 Bb4 4. Qc2 d5 5. a3 Bxc3+ 6. Qxc3 dxc4 7. Qxc4 b6 8. Bf4 Ba6 9. Qxc7 Qxc7 10.
Bxc7 Nc6 11. Nf3 Rc8 12. Bf4 O-O 13.
Bd2 Na5 14. Bb4 Rfe8 15. Nd2 Nd5 16. Kd1 Red8 17. Bxa5 bxa5 18. e3 Bxf1 19. Rxf1 e5 20. Nf3 Rb8 21. Ra2 e4 22. Nd2 f5 23. Ke2 Rdc8 24. Rb1 a4 25.
Kd1 f4 26. exf4 Nxf4 27. g3 Nd3 28. Nxe4 Rd8 29. Ke2 Rxd4 30. Ke3 Rdd8 31. Rd1 Ne5 32.
Rxd8+ Rxd8 33. Ke2 Nc4 34. Ra1 Rb8 35. Kd3 Nxb2+ 36. Kd4 Rc8 37. Nd6 Rc2 38. Re1 h6 39.
Re8+ Kh7 40. Rf8 Rd2+ 41. Kc5 Nd3+ 42.
Kb5 Nxf2 43. Nc4 Rc2 1/2-1/2

[Event "MČR 2022 rapid"]
[Site "Turnov, Czech Republic"]
[Date "2022.09.11"]
[Round "5.2"]
[White "Jansa, Vlastimil"]
[Black "Kraus, Tomáš"]
[Result "1-0"]
[TimeControl "2x 15 min + 5s/move"]
[WhiteElo "2452"]
[BlackElo "2395"]

1. e4 c5 2. Nf3 e6 3. Nc3 Nc6 4. d4 cxd4 5. Nxd4 Nf6 6. g3 d5 7. Bg2 dxe4 8. Nxc6 Qxd1+ 9. Kxd1 bxc6 10. Nxe4 Nxe4 11. Bxe4 Bb7 12. Be3 O-O-O+ 13. Kc1 c5 14. Bxb7+ Kxb7 15. c3 Kc6 16. Kc2 Be7 17. Rad1 Rd5 18. c4 Rdd8 19. Rxd8 Rxd8 20. Rd1 Rxd1 21. Kxd1 Bf6 22. Kc2 Bd4 23.
Bxd4 cxd4 24. b4 e5 25. Kd3 a6 26. a4 g5 27. f4 gxf4 28.
gxf4 f6 29. a5 h5 30. h4 Kd6 31. b5 axb5 32. cxb5 Kc5 33. b6 Kc6 34. Kc4 Kb7 35. fxe5 fxe5 36. Kb5 d3 37. a6+ Kb8 38. Kc6 d2 39. a7+ Ka8 40. Kc7 d1=Q 41.
b7+ Kxa7 42. b8=Q+ 1-0

[Event "MČR 2022 rapid"]
[Site "Turnov, Czech Republic"]
[Date "2022.09.11"]
[Round "5.3"]
[White "Finěk, Václav"]
[Black "Červený, Martin"]
[Result "1/2-1/2"]
[TimeControl "2x 15 min + 5s/move"]
[WhiteElo "2062"]
[BlackElo "2413"]

1. d4 d5 2. c4 c6 3. Nf3 Nf6 4. Qc2 g6 5. Bf4 Bg7 6. e3 O-O 7. Nc3 a6 8. cxd5 cxd5 9. Bd3 Nc6 10. a3 Nh5 11.
Bg5 Bg4 12. Qb3 Bxf3 13. gxf3 h6 14.
Bh4 Qd7 15. Qxd5 Qh3 16. Bg3 Rad8 17. Qb3 Nxg3 18. fxg3 Bxd4 19. O-O-O Bxe3+ 20. Kb1 Ne5 21. Be4 b5 22.
Nd5 Bc5 23. Nf4 Rxd1+ 24. Rxd1 Qxh2 25. Nxg6 Nxg6 26. Bxg6 e6 27.
Bc2 Qxg3 28. Rh1 Rd8 29. Rxh6 Bf8 30. Rh1 Bg7 31. Rd1 Rxd1+ 32. Bxd1 Qe5 33. Qc2 a5 34. Qc8+ Kh7 35. Qc2+ f5 36. Be2 a4 37. Bd3 b4 38. axb4 a3 39. Qc3 axb2 40. Qxe5 Bxe5 41. Bc4 Kh6 42. Bxe6 Kg5 43. b5 Kf4 44. b6 Kxf3 45. Bxf5 Ke3 1/2-1/2

[Event "MČR 2022 rapid"]
[Site "Turnov, Czech Republic"]
[Date "2022.09.11"]
[Round "5.4"]
[White "Baláček, Tadeáš"]
[Black "Šimáček, Pavel"]
[Result "1-0"]
[TimeControl "2x 15 min + 5s/move"]
[WhiteElo "2247"]
[BlackElo "2398"]

1. d4 Nf6 2. c4 c5 3. d5 e6 4. Nc3 exd5 5. cxd5 d6 6. Nf3 g6 7. g3 Bg7 8. Bg2 O-O 9. O-O Re8 10. Re1 a6 11. a4 Ne4 12. Nxe4 Rxe4 13. Qc2 Rb4 14. Ra2 a5 15. Bd2 Na6 16. Bc3 Bd7 17. e4 b5 18. e5 Bf5 19. Qd2 Rxa4 20. Rxa4 bxa4 21. e6 Nb4 22. g4 Bxg4 23. exf7+ Kxf7 24. Qf4+ Bf5 25. Ng5+ Kg8 26. Ne6 Bxe6 27. dxe6 Ra7 28. Qc4 Re7 29. Re2 d5 30. Qxc5 d4 31. Bd2 d3 32. Re1 Bd4 33. Qg5 Nc2 34. Re4 Qf8 35. Rf4 Qg7 36. Bd5 Kh8 37. Rf7 Rxf7 38. exf7 Bf6 39. Qf4 1-0

[Event "MČR 2022 rapid"]
[Site "Turnov, Czech Republic"]
[Date "2022.09.11"]
[Round "5.5"]
[White "Štoček, Jiří"]
[Black "Kourousis, Epameinondas"]
[Result "0-1"]
[TimeControl "2x 15 min + 5s/move"]
[WhiteElo "2521"]
[BlackElo "2359"]

1. d4 Nf6 2. c4 e6 3. Nf3 b6 4. Bg5 Bb4+ 5. Nfd2 Bb7 6. Nc3 h6 7. Bh4 Be7 8. Bg3 d5 9. cxd5 exd5 10. e3 O-O 11.
Be2 c5 12. O-O cxd4 13. exd4 Nc6 14. Nb3 Ne4 15. Nxe4 dxe4 16. d5 Nb4 17. d6 Bh4 18. Re1 Bxg3 19. hxg3 e3 20. fxe3 Qg5 21. Kh2 Rad8 22. Qd2 Nd5 23.
e4 Qxd2 24. Nxd2 Nb4 25. e5 Nc2 26. Bc4 Nxa1 27. Rxa1 Rfe8 28. Re1 Kf8 29. Rf1 f6 30.
exf6 Rxd6 31. fxg7+ Kxg7 32. Rf7+ Kh8 33. Bb5 Bc6 34. Nc4 Rde6 35. a4 Bxb5 36. axb5 Rc8 37. b3 Rc5 38. Rxa7 Rh5+ 39. Kg1 Rxb5 40. Nd2 Re2 41. Rd7 h5 42. Kh2 Re3 43. Kh3 Rb4 44. Rd5 h4 45. Rh5+ Kg8 46. Rg5+ Kf8 47. Rf5+ Ke8 48. Rf3 Rxf3 49. gxf3 Rd4 50. Nc4 b5 51. Ne5 hxg3 52. Kxg3 Rb4 53. Kf2 Rxb3 54. Ke2 Rc3 55. Kd2 Rc7 56. Nd3 Ke7 57. f4 Ke6 58. Ne5 Kd5 59. Nd3 Ke4 60. Nb4 Rc4 61. Na2 Kxf4 62. Kd3 Ke5 63. Nc3 Rc5 64. Ne4 Rc8 65.
Nc3 Rc5 66. Ne4 Rd5+ 67. Ke3 b4 68. Nf2 Kd6 69. Nd3 b3 70. Kd4 Ke5+ 0-1

[Event "MČR 2022 rapid"]
[Site "Turnov, Czech Republic"]
[Date "2022.09.11"]
[Round "5.6"]
[White "Hrabuša, Matej"]
[Black "Petr, Martin"]
[Result "0-1"]
[TimeControl "2x 15 min + 5s/move"]
[WhiteElo "2274"]
[BlackElo "2506"]

1. d4 d5 2. c4 e6 3.
Nf3 Nf6 4. g3 dxc4 5. Bg2 c5 6. Na3 Nc6 7. O-O cxd4 8.
Nxc4 Bc5 9. Nfe5 Nxe5 10. Nxe5 O-O 11. Qc2 Bd6 12.
Nc4 e5 13. e3 Bc7 14. Rd1 Bg4 15. f3 Bh5 16. exd4 e4 17. Ne5 Rc8 18. Qb3 exf3 19. Bxf3 Bxf3 20. Qxf3 Qd5 21. Bg5 Qxf3 22. Nxf3 Nd5 23. Rac1 f6 24. Bd2 Bb6 25. Kg2 Kf7 26. h3 Rfe8 27.
Rxc8 Rxc8 28. Rc1 Rxc1 29. Bxc1 Nb4 30. a4 Nd3 31. Bd2 Nxb2 32. a5 Bc7 33. Bb4 Nc4 34.
Bc5 a6 35. d5 Bxa5 36. Kf2 Bb6 37. Bxb6 Nxb6 38. d6 Ke6 39. Nd4+ Ke5 0-1

[Event "MČR 2022 rapid"]
[Site "Turnov, Czech Republic"]
[Date "2022.09.11"]
[Round "5.7"]
[White "Neuman, Petr"]
[Black "Rous, Daniel"]
[Result "1-0"]
[TimeControl "2x 15 min + 5s/move"]
[WhiteElo "2416"]
[BlackElo "2227"]

1. e4 c5 2. Nf3 d6 3. d4 cxd4 4. Nxd4 Nf6 5. f3 a6 6. c4 Nc6 7. Be3 g6 8. Nc3 Bg7 9. Qd2 O-O 10. Be2 Nxd4 11. Bxd4 Be6 12. O-O Nd7 13. Bxg7 Kxg7 14. f4 Qb6+ 15. Kh1 Rac8 16. b3 Nf6 17. f5 Bd7 18. Rf3 gxf5 19. Nd5 Nxd5 20. exd5 Kh8 21. Qc3+ f6 22. Bd3 Rg8 23.
Re1 Rg7 24. Bxf5 Bxf5 25. Rxf5 Qc7 26.
Qd3 Qd7 27. Rf4 Rcg8 28. Re2 Rg4 29. Rf3 R8g7 30. Rfe3 Kg8 31. Re6 R4g5 32. c5 dxc5 33. d6 Rxg2 34.
Rxg2 Qxe6 35. Rxg7+ Kxg7 36. d7 c4 37. Qg3+ 1-0

[Event "MČR 2022 rapid"]
[Site "Turnov, Czech Republic"]
[Date "2022.09.11"]
[Round "6.1"]
[White "Zeman, Matyáš"]
[Black "Štoček, Jiří"]
[Result "0-1"]
[TimeControl "2x 15 min + 5s/move"]
[WhiteElo "2292"]
[BlackElo "2521"]

1. Nf3 d5 2. g3 Nc6 3.
d4 Bf5 4. Bg2 Nb4 5. Na3 e6 6. O-O Be7 7. c3 Nc6 8. Qb3 Rb8 9. Ne5 Nxe5 10. dxe5 b5 11. Nc2 c5 12. Ne3 Bg6 13. a4 c4 14. Qd1 b4 15. Nc2 bxc3 16. bxc3 Bc5 17. Nd4 Ne7 18. Be3 Qa5 19. Qd2 O-O 20. Nb5 Bxe3 21. Qxe3 a6 22. Nd4 Nf5 23.
Nxf5 Bxf5 24. Qd4 Qb6 25. Qf4 Bg6 26. e4 d4 27. cxd4 Qxd4 28.
Rfd1 Qc5 29. g4 f6 30. exf6 e5 31. Qd2 Rxf6 32. Qd5+ Qxd5 33. exd5 c3 34.
Re1 c2 35. Be4 Bxe4 36. Rxe4 Rb1+ 37. Re1 Rxa1 38. Rxa1 Rb6 0-1

[Event "MČR 2022 rapid"]
[Site "Turnov, Czech Republic"]
[Date "2022.09.11"]
[Round "6.2"]
[White "Petr, Martin"]
[Black "Pýchová, Nela"]
[Result "1-0"]
[TimeControl "2x 15 min + 5s/move"]
[WhiteElo "2506"]
[BlackElo "2159"]

1. e4 c5 2. Be2 Nc6 3. f4 g6 4. Nf3 Bg7 5. d3 d6 6.
O-O e6 7. c3 Nge7 8. Be3 O-O 9. Nbd2 Rb8 10. d4 cxd4 11. cxd4 d5 12. e5 Qb6 13. Nb3 Na5 14. Nxa5 Qxa5 15.
a3 Bd7 16. Bd2 Qd8 17. Bb4 Re8 18. Bd3 Nf5 19. Qe1 Bf8 20. Bxf8 Rxf8 21. g4 Ng7 22. Rc1 Rc8 23. Qb4 Qb6 24.
Qxb6 axb6 25. Kf2 Rc6 26. Ke3 Rfc8 27. Rce1 R6c7 28. Nh4 Ba4 29. Kd2 Bc2 30. Rc1 Bxd3 31. Rxc7 Rxc7 32. Kxd3 h5 33. h3 hxg4 34. hxg4 Kf8 35. Nf3 Ke7 36. Rh1 Rc8 37. Rh7 Rg8 38. Kc3 Ne8 39. Kb4 Nc7 40. Ng5 Rf8 41. a4 Ke8 42. a5 bxa5+ 43. Kxa5 Na8 44. b4 Ke7 45. b5 b6+ 46. Ka6 Ke8 47. Kb7 Ke7 48. Rxf7 Rxf7 49. Nxf7 1-0

[Event "MČR 2022 rapid"]
[Site "Turnov, Czech Republic"]
[Date "2022.09.11"]
[Round "6.3"]
[White "Skácelík, Petr"]
[Black "Neuman, Petr"]
[Result "0-1"]
[TimeControl "2x 15 min + 5s/move"]
[WhiteElo "2128"]
[BlackElo "2416"]

1. d4 d6 2. c4 e5 3. Nf3 e4 4. Ng5 f5 5. g3 Be7 6. h4 Nf6 7. Nc3 c6 8. d5 Na6 9. Bg2 Nc7 10. O-O O-O 11. Nh3 Ng4 12. f3 exf3 13. exf3 Ne5 14. b3 Bf6 15. Bb2 c5 16. Nf4 g6 17.
Rb1 Qe7 18. Re1 Qg7 19. Qc2 Re8 20.
Nd3 Bd7 21. Nxe5 Bxe5 22. f4 Bd4+ 23.
Kh2 h6 24. Bf3 a6 25. Re2 Rxe2+ 26. Nxe2 Bxb2 27. Qxb2 Qe7 28. Qd2 Re8 29. Kg2 b5 30. Kf2 b4 31. Re1 a5 32. Nc1 Qf6 33. Rxe8+ Nxe8 34. Nd3 a4 35. Qb2 Qe7 36. Qe2 Qg7 37. Qb2 Nf6 38. Kg2 Qe7 39. Nf2 Kf7 40. Qe2 Qd8 41. Qe3 axb3 42.
axb3 Qa5 43. Bd1 Qa2 44. Qe2 Qa1 45.
Bc2 Qc3 46. Qd3 Qb2 47. Qd1 Ng4 48. Kf3 Qc3+ 49. Qd3 Qe1 50. Qe2 Qg1 51. h5 Nh2+ 52.
Ke3 Qxg3+ 53. Kd2 Qxf4+ 54. Kd1 g5 55. Bd3 Qf3 56. Kd2 Qxe2+ 57. Kxe2 Kf6 58. Nd1 Ng4 59. Nb2 Be8 0-1

[Event "MČR 2022 rapid"]
[Site "Turnov, Czech Republic"]
[Date "2022.09.11"]
[Round "6.4"]
[White "Klement, Lukáš"]
[Black "Kredl, Karel"]
[Result "0-1"]
[TimeControl "2x 15 min + 5s/move"]
[WhiteElo "2264"]
[BlackElo "2134"]

1. d4 Nf6 2. c4 e6 3. Nc3 Bb4 4. e3 O-O 5. Nge2 d5 6. a3 Bd6 7. Ng3 c6 8. Be2 Nbd7 9.
Qc2 dxc4 10. Bxc4 e5 11. dxe5 Nxe5 12. Be2 Be6 13. f4 Ned7 14. f5 Bxg3+ 15. hxg3 Qc7 16. Rh3 Bd5 17. e4 Qb6 18. Rh1 Bb3 19. Qd3 Rfe8 20. Be3 Qa5 21. Bf3 Rad8 22. Kf2 Ne5 23.
Qe2 Bc4 24. Qc2 Neg4+ 25. Bxg4 Nxg4+ 26. Kf3 Nxe3 27. Kxe3 Qxf5 28. Rad1 Qg5+ 29. Kf2 Qc5+ 30. Kf3 Be6 31. Rxd8 Rxd8 32. Rd1 Qh5+ 33. Kf2 Qc5+ 34. Kf3 Qh5+ 35. Kf2 Rxd1 36. Nxd1 Qe5 37. Nc3 Qd4+ 38. Kf3 h5 39. Kf4 f6 40. g4 Qe5+ 41. Kf3 hxg4+ 42. Kf2 Qd4+ 43. Kg3 Qe3+ 44. Kh4 Qg1 45. Kg3 Qe1+ 46. Qf2 Qc1 47. Qxa7 Qxb2 48. Qc5 Qd2 49. Na4 Qe1+ 50. Kh2 g3# 0-1

[Event "MČR 2022 rapid"]
[Site "Turnov, Czech Republic"]
[Date "2022.09.11"]
[Round "6.5"]
[White "Plát, Vojtěch"]
[Black "Doležal, Radoslav"]
[Result "1-0"]
[TimeControl "2x 15 min + 5s/move"]
[WhiteElo "2563"]
[BlackElo "2283"]

1. d4 Nf6 2. c4 e6 3. Nc3 d5 4. cxd5 exd5 5. Bg5 c6 6. e3 Be7 7. Bd3 Nbd7 8.
Nge2 Nf8 9. O-O Ne6 10. Bh4 O-O 11. Qc2 h6 12.
Rad1 Nh5 13. Bxe7 Qxe7 14. Rfe1 Rd8 15. e4 dxe4 16. Bxe4 Nf6 17.
d5 Ng5 18. Ng3 Nfxe4 19. Ngxe4 Bf5 20. d6 Qe5 21. h4 Nxe4 22. Nxe4 Rxd6 23. Nxd6 Qxe1+ 24. Rxe1 Bxc2 25. Nxb7 Kf8 26. Na5 Rc8 27. Re3 Bf5 28. Rc3 Be4 29. a3 Bd5 30. b4 Ke7 31. f3 Kd7 32. Kf2 Kc7 33. Re3 Be6 34. f4 Rd8 35. Rc3 Rd2+ 36. Ke3 Rxg2 37. Rxc6+ Kd7 38. Ra6 Rg3+ 39. Kd4 Rxa3 40. Rxa7+ Kc8 41. b5 Ra1 42. b6 Rb1 43.
Rc7+ Kd8 44. Nc6+ Ke8 45.
b7 1-0

[Event "MČR 2022 rapid"]
[Site "Turnov, Czech Republic"]
[Date "2022.09.11"]
[Round "6.6"]
[White "Postupa, Pavel"]
[Black "Jansa, Vlastimil"]
[Result "0-1"]
[TimeControl "2x 15 min + 5s/move"]
[WhiteElo "2077"]
[BlackElo "2452"]

1. e4 c5 2. Nf3 e6 3. g3 Nc6 4. Bg2 Nf6 5. Qe2 d5 6. d3 Be7 7. O-O O-O 8. e5 Nd7 9. h4 b5 10. Bf4 Bb7 11. Re1 Nb6 12. Nbd2 d4 13. Ng5 Nd5 14. Nxh7 Kxh7 15. Qh5+ Kg8 16. Be4 f5 17. exf6 Nxf6 18.
Qg6 Qe8 19. Qxe8 Raxe8 20. Bxc6 Bxc6 21. Rxe6 Bd5 22. Ra6 Nh5 23. Bc7 Bd8 24. Bxd8 Rxd8 25. Rxa7 Rde8 26. Ne4 Bxe4 27. dxe4 Rxe4 28. Rb7 Re2 29. Rf1 Rxc2 30.
Rxb5 d3 31. b4 Nxg3 32. fxg3 Rxf1+ 33. Kxf1 Rc1+ 34. Kf2 d2 35. Rb8+ Kh7 36. Rd8 d1=Q 37. Rxd1 Rxd1 38. bxc5 Rc1 0-1

[Event "MČR 2022 rapid"]
[Site "Turnov, Czech Republic"]
[Date "2022.09.11"]
[Round "6.7"]
[White "Červený, Martin"]
[Black "Šindler, Michal"]
[Result "1/2-1/2"]
[TimeControl "2x 15 min + 5s/move"]
[WhiteElo "2413"]
[BlackElo "2166"]

1. d4 Nf6 2. c4 g6 3. Nc3 Bg7 4. Bg5 d6 5. e3 c5 6. Nf3 cxd4 7. exd4 O-O 8. Be2 Nbd7 9. O-O h6 10. Bh4 Nb6 11. Rc1 Bf5 12. Re1 g5 13. Bg3 Nh5 14. c5 Nxg3 15. hxg3 Nd7 16. b4 a5 17. a3 axb4 18.
axb4 Nf6 19. Bd3 Bxd3 20. Qxd3 dxc5 21. bxc5 e6 22. Rb1 Nd5 23. Rb3 Nxc3 24. Qxc3 Qd5 25.
Reb1 Ra7 26. Rb4 Rd8 27. Ne5 Bxe5 28. dxe5 Ra5 29. Rc1 Rc8 30. Rc4 Rb5 31. Qe3 Rd8 32. Kh2 Rb2 33. R4c2 Rxc2 34. Rxc2 Qd1 35. Rc1 Qd2 36. Qxd2 Rxd2 37. f4 Kg7 38.
Rb1 Rc2 39. Rxb7 Rxc5 40. Kh3 Kg6 41. Ra7 Rc4 42. Kg4 Rc2 43. Kh3 Rf2 44. fxg5 hxg5 45. g4 Rb2 46. Ra5 Rb4 47.
g3 Kg7 48. Rc5 Rd4 49. Ra5 Rd2 50.
Rb5 Kf8 51. Rb8+ Kg7 52. Rg8+ Rd5 1/2-1/2

[Event "MČR 2022 rapid"]
[Site "Turnov, Czech Republic"]
[Date "2022.09.11"]
[Round "7.1"]
[White "Polák, Tomáš"]
[Black "Plát, Vojtěch"]
[Result "1/2-1/2"]
[TimeControl "2x 15 min + 5s/move"]
[WhiteElo "2487"]
[BlackElo "2563"]

1. Nf3 d6 2. d4 Bg4 3. e4 c6 4. h3 Bh5 5. Nc3 Nf6 6. g4 Bg6 7.
Qe2 e6 8. h4 h5 9. g5 Nfd7 10.
Bh3 Na6 11. Bf4 Be7 12. O-O O-O 13. Rad1 d5 14. a3 Re8 1/2-1/2

[Event "MČR 2022 rapid"]
[Site "Turnov, Czech Republic"]
[Date "2022.09.11"]
[Round "7.2"]
[White "Jansa, Vlastimil"]
[Black "Němec, Jáchym"]
[Result "0-1"]
[TimeControl "2x 15 min + 5s/move"]
[WhiteElo "2452"]
[BlackElo "2057"]

1. e4 c5 2. Nf3 Nc6 3. Bb5 g6 4. O-O Bg7 5. c3 Nf6 6. Re1 O-O 7.
h3 Qb6 8. Ba4 e5 9. d3 d6 10. Nbd2 Qc7 11. Nc4 Rb8 12. Ne3 Be6 13. Ng5 Bd7 14. Bb3 Na5 15. Bc2 h6 16. Nf3 Rfe8 17. a3 Nc6 18. b4 Be6 19. Bb2 Rbd8 20. d4 cxd4 21.
cxd4 d5 22. dxe5 Nxe4 23. Rc1 Qb8 24.
Ba4 d4 25. Ng4 Bxg4 26. hxg4 Nc3 27. Bxc3 dxc3 28. Qb3 b5 29. e6 Kh7 30. exf7 Rxe1+ 31. Rxe1 bxa4 32. Qe6 c2 33.
Qxc6 Rc8 34. f8=N+ Bxf8 35. Qd7+ Bg7 0-1

[Event "MČR 2022 rapid"]
[Site "Turnov, Czech Republic"]
[Date "2022.09.11"]
[Round "7.3"]
[White "Roubalík, Jakub"]
[Black "Červený, Martin"]
[Result "1/2-1/2"]
[TimeControl "2x 15 min + 5s/move"]
[WhiteElo "2339"]
[BlackElo "2413"]

1. d4 Nf6 2. c4 d6 3. Nf3 Nbd7 4. Nc3 e5 5. e4 g6 6. Be2 Bg7 7. d5 O-O 8. h3 Nc5 9. Qc2 a5 10. Be3 b6 11. Nd2 h6 12. g4 Nh7 13. O-O-O Bd7 14. Rdg1 Qe7 15. Kb1 Rfb8 16. h4 a4 17.
a3 Nf8 18. Ka2 Ra5 19. h5 g5 20.
Rd1 Nh7 21. f3 Nf6 22. Nb5 c6 23. dxc6 Bxc6 24. Nb1 Ne8 25. N1c3 Rba8 26.
Bxc5 bxc5 27. Rd2 Bf8 28. Rhd1 Qe6 29. Ka1 Qf6 30. Nd5 Qd8 31. Qc3 R5a6 32. Ne3 Bd7 33. Bd3 Ng7 34. Bf1 Ne6 35. Nd5 Rb8 36. Ka2 Rb7 37.
Qe3 Nd4 38. Nxd4 exd4 39. Qf2 Be6 40.
Bd3 Bg7 41. f4 Bxd5 42. exd5 Rab6 43.
Re1 Rb3 44. fxg5 Qxg5 45. Re8+ Bf8 46. Qe2 Re7 47. Rxe7 Bxe7 48. Rd1 Qe3 49. Qf1 Bg5 50. Qf5 Qe5 51. Qh7+ Kf8 52. Rf1 Bf4 53. g5 hxg5 54. h6 Qe3 55. Qg7+ Ke7 56. Bc2 Rxa3+ 57. bxa3 Qe2 58. Kb2 Qxf1 59. Ka2
Qe2 60. Kb2 Qf1 61. Ka2 Qe2 1/2-1/2

[Event "MČR 2022 rapid"]
[Site "Turnov, Czech Republic"]
[Date "2022.09.11"]
[Round "7.4"]
[White "Baláček, Tadeáš"]
[Black "Pisk, Petr"]
[Result "1-0"]
[TimeControl "2x 15 min + 5s/move"]
[WhiteElo "2247"]
[BlackElo "2389"]

1. Nf3 Nf6 2. c4 e6 3. g3 d5 4. b3 a6 5. Bg2 b5 6. cxd5 exd5 7. d4 Bd6 8. O-O Qe7 9. Bb2 Nbd7 10.
Nc3 Bb7 11. Qc2 O-O 12. Nh4 g6 13. e3 Ne4 14. Rad1 Rae8 15. Nf3 f5 16. Ne1 g5 17. Nd3 f4 18. exf4 gxf4 19. Nxe4 dxe4 20.
Nxf4 Bxf4 21. gxf4 Rxf4 22. Qxc7 Rg4 23. Qxb7 Qg7 24. Kh1 Rxg2 25. Rg1 Rg6 26. Qd5+ Qf7 27. Rxg6+ hxg6 28. Qxf7+ Kxf7 29. d5 e3 30. fxe3 Rxe3 31. Rd2 b4 32. Bd4 Re1+ 33. Kg2 Ke7 34. Bf2 Rb1 35. Kf3 Rh1 36. Kf4 Kf7 37. Bd4 Rf1+ 38. Rf2 Rxf2+ 39. Bxf2 Nf6 40. Bc5 g5+ 41. Ke5 Ng4+ 42. Kd6 Nxh2 43. Kc7 Nf3 44. d6 Ne5 45. d7 Nxd7 46. Kxd7 a5 47. Kc6 1-0

[Event "MČR 2022 rapid"]
[Site "Turnov, Czech Republic"]
[Date "2022.09.11"]
[Round "7.5"]
[White "Štoček, Jiří"]
[Black "Vykouk, Jan"]
[Result "1-0"]
[TimeControl "2x 15 min + 5s/move"]
[WhiteElo "2521"]
[BlackElo "2417"]

1. d4 Nf6 2. c4 g6 3. Nc3 d6 4. e4 Bg7 5. Be2 O-O 6.
Nf3 Nbd7 7. Be3 e5 8. d5 a5 9. Nd2 c5 10. g4 Ne8 11. h4 Bf6 12. g5 Be7 13.
Nf1 f6 14. gxf6 Bxf6 15. h5 Bg5 16. hxg6 hxg6 17. Bg4 Kg7 18. Be6 Bf4 19. Qg4 Nef6 20. Qg2 Rh8 21. Rg1 Nf8 22. Bxc8 Qxc8 23. Bxf4 exf4 24. Qg5 Qh3 25. Qxf4 Rh4 26. Qxd6 Re8 27. O-O-O Nxe4 28. Nxe4 Rexe4 29. Ne3 Qf3 30. Kb1 Rhf4 31.
Rd2 b5 32. cxb5 c4 33. b6 c3 34. Qc7+ Kg8 35. Qxc3 Rb4 36. d6 Qe4+ 37. Ka1 Qe6 38. Nd5 Rfc4 39. Qf6 Rg4 40. Rgd1 1-0

[Event "MČR 2022 rapid"]
[Site "Turnov, Czech Republic"]
[Date "2022.09.11"]
[Round "7.6"]
[White "Kraus, Tomáš"]
[Black "Petr, Martin"]
[Result "0-1"]
[TimeControl "2x 15 min + 5s/move"]
[WhiteElo "2395"]
[BlackElo "2506"]

1. Nf3 d5 2. d4 Nf6 3.
c4 e6 4. Nc3 Be7 5. cxd5 exd5 6.
Bf4 c6 7. e3 Nbd7 8. Bd3 Nh5 9.
Be5 Nxe5 10. dxe5 g6 11. O-O O-O 12. Rc1 Re8 13. Qa4 Bf8 14. h3 Bd7 15. Rfd1 a6 16. Qb3 b5 17. g4 Ng7 0-1